 Dungeon Crawl Stone Soup version 0.27-a0-760-gc38aae387d (webtiles) character file.

Game seed: 16993024568504762602

42 Hasart the Skirmisher (level 3, -13/31 HPs)
             Began as a Demigod Fighter on Mar 24, 2021.
             Mangled by an ogre
             ... wielding a +0 giant club
              (15 damage)
             ... on level 2 of the Dungeon.
             The game lasted 00:02:57 (2116 turns).

Hasart the Skirmisher (Demigod Fighter)             Turns: 2116, Time: 00:02:58

Health: -13/31     AC:  6    Str: 21    XL:     3   Next: 17%
Magic:  5/5        EV:  7    Int: 10    God:
Gold:   90         SH: 14    Dex: 13    Spells: 2/2 levels left

rFire    . . .     SeeInvis .   a - +0 long sword
rCold    . . .     Faith    .   c - +0 kite shield
rNeg     . . .     Spirit   .   b - +0 scale mail
rPois    .         Reflect  +   (no helmet)
rElec    .         Harm     .   (no cloak)
rCorr    .         Rampage  .   (no gloves)
Will     .....                  (no boots)
Stlth    ..........             h - amulet of reflection
HPRegen  0.10/turn              (no ring)
MPRegen  0.09/turn              (no ring)

@: no status effects
A: high mp 1, forlorn
a: no special abilities


You were on level 2 of the Dungeon.
You visited 1 branch of the dungeon, and saw 3 of its levels.

You collected 90 gold pieces.

Inventory:

Hand Weapons
 a - a +0 long sword (weapon)
Armour
 b - a +0 scale mail (worn)
 c - a +0 kite shield (worn)
Jewellery
 h - an amulet of reflection (around neck)
Scrolls
 e - 2 scrolls of identify {unknown}
 k - 2 scrolls of vulnerability {unknown}
 l - a scroll of magic mapping {unknown}
 m - a scroll of immolation {unknown}
Potions
 d - a potion of might
 f - a potion of degeneration {unknown}
 g - 3 potions of heal wounds {unknown}
 i - a potion of curing {unknown}
 j - 2 potions of brilliance {unknown}


   Skills:
 + Level 3.0 Fighting
 * Level 2.5 Long Blades
 + Level 2.9 Armour
 + Level 0.7 Dodging
 + Level 2.9 Shields


You had 2 spell levels left.
You didn't know any spells.
Your spell library contained the following spells:

 Spells                   Type           Power      Damage    Failure   Level
 Magic Dart               Conj           0%         1d3       99%         1
 Blink                    Tloc           N/A        N/A       100%        2
 Call Imp                 Summ           0%         N/A       100%        2
 Slow                     Hex            0%         N/A       100%        2
 Conjure Flame            Conj/Fire      0%         6-21      100%        3
 Mephitic Cloud           Conj/Pois/Air  0%         N/A       100%        3


Dungeon Overview and Level Annotations

Branches:
Dungeon (3/15)

Annotations:
D:3 3 runed translucent doors, Karim's ghost, weakling GnDe; diceflayer's ghost, amateur FoFi


Innate Abilities, Weirdness & Mutations

Your attributes grow dramatically as you level up.
You have an increased reservoir of magic. (+10% MP)
You shall have no god before yourself.


Message History

There is an open door here.
An ogre comes into view. It is wielding a +0 giant club.
The ogre shouts!
An ogre is nearby!
An ogre is nearby!
You barely miss the ogre. The ogre barely misses you.
You riposte.
You barely miss the ogre. The ogre barely misses you.
You slash the ogre!
The ogre is moderately wounded.
The ogre barely misses you.
You hit the ogre but do no damage.
The ogre is moderately wounded.
The ogre barely misses you. You block the ogre's attack.
You closely miss the ogre.
The ogre is moderately wounded.
The ogre hits you with a +0 giant club.
You hit the ogre.
The ogre is severely wounded.
You block the ogre's attack. The ogre hits you with a +0 giant club.
You hit the ogre.
The ogre is severely wounded.
You block the ogre's attack.
You barely miss the ogre.
The ogre is severely wounded.
You block the ogre's attack. x2
You hit the ogre.
The ogre is almost dead.
You block the ogre's attack.
You completely miss the ogre.
The ogre is almost dead.
The ogre hits you with a +0 giant club! The ogre closely misses you.
You hit the ogre.
The ogre is almost dead.
The ogre hits you with a +0 giant club!
* * * LOW HITPOINT WARNING * * *
You block the ogre's attack.
You hit the ogre.
The ogre is almost dead.
The ogre hits you with a +0 giant club!
You die...

#.#......##.# #...
#.#......##.###... .
#.#.......#.#..... ..##
#.#.......#.#.#... .....
#.#.......#.#.+...
.....##.#.........#.#...
........................
........#......รท.##.####
#######@#........##.#...
.......O#.###.....#.#.##
..................'.....
###.....#.###.....#.#.##
#.##..#.# #######.#.# #.
#..# # #.#.# # #..#
#.#.## #..# #.#.#.
#####.#.#.


You could see an ogre.

Vanquished Creatures
  An adder (D:3)
  A worm (D:2)
  A dart slug (D:2)
  3 ball pythons
  A bat (D:1)
  2 endoplasms
  A giant cockroach (D:3)
  3 hobgoblins
  3 jackals (D:2)
  3 kobolds
  A quokka (D:2)
  2 frilled lizards
  2 goblins (D:3)
  3 rats
27 creatures vanquished.

Vanquished Creatures (others)
  A plant (D:1)
  4 withered plants (D:3)
5 creatures vanquished.

Grand Total: 32 creatures vanquished

Notes
Turn   | Place    | Note
-------+----------+-------------------------------------------
     0 | D:1      | Hasart the Demigod Fighter began the quest for the Orb.
     0 | D:1      | Reached XP level 1. HP: 18/18 MP: 3/3
  1281 | D:2      | Reached XP level 2. HP: 25/25 MP: 4/4
  1783 | D:3      | Reached skill level 3 in Fighting
  1855 | D:3      | Found a runed translucent gate.
  1855 | D:3      | Found a runed translucent gate.
  1855 | D:3      | Found a runed translucent gate.
  1856 | D:3      | Noticed Karim's ghost (weakling GnDe)
  1857 | D:3      | Noticed diceflayer's ghost (amateur FoFi)
  1857 | D:3      | Noticed diceflayer's ghost (amateur FoFi)
  1939 | D:3      | Reached XP level 3. HP: 27/31 MP: 5/5
  2102 | D:2      | Noticed an ogre
  2116 | D:2      | Mangled by an ogre

Illustrated notes

Levels and vault maps discovered:
D:1:      dpeg_arrival_three_smaller_balls, layout_basic, serial_forest,
          infiniplex_forest_clump_small, infiniplex_forest_clump_medium,
          infiniplex_forest_split, infiniplex_forest_end_double,
          infiniplex_forest_corner_1, infiniplex_forest_clump_tiny,
          amcnicky_mini_pool_small, minmay_misc_feat_x
D:2:      layout_basic, fedhas_altar_2, nicolae_ashenzari_panopticon
D:3:      layout_basic, general_overflow_altar, gammafunk_ghost_cemetery,
          serial_shops, shop

Skill      XL: |  1  2 |
---------------+-------+-----
Long Blades    | 2 |  2.5
Fighting       | 3 |  3.0
Armour         | |  2.9
Dodging        | |  0.7
Shields        | |  2.9

Action                   || total
-------------------------++-------
Melee: Long sword        ||    92
Armor: Scale mail        ||    23
Dodge: Dodged            ||    31
Block: Kite shield       ||    67
       Rpst.: Long sword ||    11

Table legend: (Time is in decaauts)
 A = Elapsed time spent in this place.
 B = Non-inter-level travel time spent in this place.
 C = Inter-level travel time spent in this place.
 D = Time resting spent in this place.
 E = Time spent auto-exploring this place.
 F = Levels seen in this place.
 G = Mean time per level.
                   A        B        C        D        E       F      G
               +--------+--------+--------+--------+--------+-----+--------+
         Total |   2165 |   2037 |    128 |      0 |   1724 |   3 |  721.7 |
       Dungeon |   2165 |   2037 |    128 |      0 |   1724 |   3 |  721.7 |
               +--------+--------+--------+--------+--------+-----+--------+

Top non-repeatable levels by time:
     D:1: 1199 daAuts
     D:3: 500 daAuts
     D:2: 466 daAuts
